 Dungeon Crawl Stone Soup version 0.23-a0-295-g2e428d4 (webtiles) character file.

492 Mgcat the Stinger (level 7, -1/36 HPs)
             Began as a Gargoyle Venom Mage on Oct 4, 2018.
             Slain by an ogre
             ... wielding a +0 giant spiked club
              (12 damage)
             ... on level 3 of the Dungeon.
             The game lasted 00:12:03 (4006 turns).

Mgcat the Stinger (Gargoyle Venom Mage)             Turns: 4006, Time: 00:12:04

Health: -1/36      AC:  6    Str: 12    XL:     7   Next: 14%
Magic:  7/12       EV: 12    Int: 17    God:
Gold:   110        SH:  0    Dex: 10    Spells: 3/13 levels left

rFire    . . .     SeeInvis .   b - +0 dagger
rCold    . . .     Gourm    .   (no shield)
rNeg     + . .     Faith    .   a - +0 robe
rPois    ∞         Spirit   .   (no helmet)
rElec    +         Reflect  .   (no cloak)
rCorr    .         Harm     .   (no gloves)
MR       .....                  (no boots)
Stlth    ++........             (no amulet)
HPRegen  0.12/turn              (no ring)
MPRegen  0.13/turn              (no ring)

@: flying
A: negative energy resistance 1, electricity resistance, unbreathing,
petrification resistance, rot immunity, AC +4
a: no special abilities


You were on level 3 of the Dungeon.
You were not hungry.

You visited 1 branch of the dungeon, and saw 4 of its levels.

You collected 110 gold pieces.

Inventory:

Hand Weapons
 b - a +0 dagger (weapon)
   (You took it off a kobold on level 1 of the Dungeon)
Armour
 a - a +0 robe (worn)
Scrolls
 g - 3 scrolls of identify {unknown}
 h - a scroll of remove curse {unknown}
 k - a scroll of amnesia {unknown}
 l - a scroll of blinking {unknown}
Potions
 d - a potion of invisibility {unknown}
 e - 2 potions of agility {unknown}
 i - 2 potions of flight
 j - a potion of curing {unknown}
 m - 2 potions of mutation {unknown}
Comestibles
 c - 6 rations
 f - a chunk of flesh {@w0}


   Skills:
 - Level 1.5 Dodging
 - Level 2.1 Stealth
 + Level 3.8 Spellcasting
 + Level 4.0 Conjurations
 + Level 2.6 Air Magic
 + Level 4.7 Poison Magic


You had 3 spell levels left.
You knew the following spells:

 Your Spells              Type           Power        Failure   Level  Hunger
a - Sting                 Conj/Pois      ###.         2%          1    None
b - Poisonous Vapours     Pois/Air       ###...       5%          2    ##.....
c - Mephitic Cloud        Conj/Pois/Air  ###.....     10%         3    ###....
d - Olgreb's Toxic Radia  Pois           ###.....     24%         4    ####...

Your spell library contained the following spells:

 Spells                   Type           Power        Failure   Level  Hunger
 Venom Bolt               Conj/Pois      ###.......   58%         5    ######.


Dungeon Overview and Level Annotations

Branches:
Dungeon (4/15)
 Temple: D:4-7

Altars:
Nemelex Xobeh


Innate Abilities, Weirdness & Mutations

You are resistant to torment.
Your stone body is resilient. (AC +4)
You are immune to poison.
You resist negative energy. (rN+)
You are resistant to electric shocks. (rElec)
You can survive without breathing.
You are immune to petrification.
You are immune to rotting.


Message History

Casting: Sting (safe; 3% risk of failure)
Confirm with . or Enter, or press ? or * to list all spells.
Aiming: Poisonous Vapours (safe; 6% risk of failure)
Press: ? - help, Dir - move target cursor, f/p - ogre
Aim: an ogre, wielding a giant spiked club (severely wounded, poisoned) Poisonous vapours surround the ogre!
The ogre is engulfed in poison gas.
The ogre looks even sicker.
You kill the ogre!
Your Conjurations skill increases to level 4!
You have reached level 7!
Some of the chunks of flesh in your inventory have rotted away.
Your magical contamination has completely faded away.
Key pressed, stopping explore.
Found a stone staircase leading down.
m - 2 lumpy blue potions A leopard gecko comes into view.
Casting: Poisonous Vapours (safe; 5% risk of failure)
Confirm with . or Enter, or press ? or * to list all spells.
Aiming: Poisonous Vapours (safe; 5% risk of failure)
Press: ? - help, Dir - move target cursor, f - leopard gecko
Aim: a leopard gecko (clinging, resting) Poisonous vapours surround the leopard gecko!
The leopard gecko hisses angrily.
You are feeling hungry.
The leopard gecko is engulfed in poison gas.
The leopard gecko is poisoned.
Casting: Poisonous Vapours (safe; 5% risk of failure)
Confirm with . or Enter, or press ? or * to list all spells.
Aiming: Sting (safe; 2% risk of failure)
Press: ? - help, Shift-Dir - straight line, f/p - leopard gecko
Aim: a leopard gecko (moderately wounded, poisoned, clinging)
The sting hits the leopard gecko.
The leopard gecko looks even sicker.
The leopard gecko is severely wounded.
Casting: Sting (safe; 2% risk of failure)
Confirm with . or Enter, or press ? or * to list all spells.
Aiming: Sting (safe; 2% risk of failure)
Press: ? - help, Shift-Dir - straight line, f/p - leopard gecko
Aim: a leopard gecko (almost dead, poisoned, clinging)
The sting hits the leopard gecko.
The leopard gecko looks even sicker.
You kill the leopard gecko!
Eating one of 2 chunks of flesh {@w0}.
You eat one of the 2 chunks of flesh {@w0}.
This raw flesh tastes terrible.
You now have 110 gold pieces (gained 11).
A phantom comes into view.
Casting: Sting (safe; 2% risk of failure)
Confirm with . or Enter, or press ? or * to list all spells.
Aiming: Poisonous Vapours (safe; 5% risk of failure)
Press: ? - help, Dir - move target cursor, f - phantom
Aim: a phantom But poisonous vapours would do no harm to the phantom!
Unknown command.
An ogre comes into view. It is wielding a giant spiked club.
The ogre shouts!
There is a stone staircase leading up here.
The phantom blinks!
Casting: Poisonous Vapours (safe; 5% risk of failure)
Confirm with . or Enter, or press ? or * to list all spells.
Aiming: Poisonous Vapours (safe; 5% risk of failure)
Press: ? - help, Dir - move target cursor, f/p - phantom
Aim: a phantom But poisonous vapours would do no harm to the phantom!
Unknown command.
Unknown command.
Casting: Poisonous Vapours (safe; 5% risk of failure)
Confirm with . or Enter, or press ? or * to list all spells.
Aiming: Poisonous Vapours (safe; 5% risk of failure)
Press: ? - help, Dir - move target cursor, f - ogre, p - phantom
Aim: an ogre, wielding a giant spiked club Poisonous vapours surround the ogre!
The ogre is engulfed in poison gas.
The ogre is poisoned.
The ogre misses you.
You climb upwards.
There is a stone staircase leading down here.
Unknown command.
Unknown command.
Unknown command.
Casting: Poisonous Vapours (safe; 5% risk of failure)
Confirm with . or Enter, or press ? or * to list all spells.
Aiming: Poisonous Vapours (safe; 5% risk of failure)
Press: ? - help, Dir - move target cursor, f - ogre
Aim: an ogre, wielding a giant spiked club (moderately wounded, poisoned) Poisonous vapours surround the ogre!
Casting: Poisonous Vapours (safe; 5% risk of failure)
Confirm with . or Enter, or press ? or * to list all spells.
Aiming: Sting (safe; 2% risk of failure)
Press: ? - help, Shift-Dir - straight line, f/p - ogre
Aim: an ogre, wielding a giant spiked club (moderately wounded, poisoned)
The sting hits the ogre.
The ogre looks even sicker.
The ogre is moderately wounded.
The ogre hits you with a giant spiked club!!
Ouch! That really hurt!
Unknown command.
Unknown command.
Okay, then.
It was a potion of flight.
You feel very buoyant.
You fly up into the air.
The ogre hits you with a giant spiked club!
You die...

.# ##.# ##.##.#.
.#######.#################...#.#.
...................).............
.#######.####.#########.###.####.
.# #.# #........##.# #.# #. .#
#.####........##.###.# #. .#
#.............#...##.# ## .#
######..........#....# .##
#..O@....#......#
..###########........##.#...#####
.................................
..#########...##.#.####.##.######
....# #...###.#####.##.# .##.#
###...........##.# ###.#
##.###########.# #.# #.# #.# #.#
#.# #.#


You could see an ogre.

Vanquished Creatures
  2 ogres (D:4)
  An orc priest (D:3)
  An orc wizard (D:3)
  A worker ant (D:2)
  8 gnolls
  6 adders
  2 oozes (D:2)
  2 adder skeletons (D:4)
  A worm (D:2)
  3 dart slugs
  4 leopard geckos
  2 orcs
  A ball python (D:4)
  6 giant cockroaches
  10 goblins
  7 hobgoblins
  7 jackals
  A quokka (D:4)
  9 bats
  5 frilled lizards
  7 kobolds
  8 rats
94 creatures vanquished.

Notes
Turn   | Place    | Note
-------+----------+-------------------------------------------
     0 | D:1      | Mgcat the Gargoyle Venom Mage began the quest for the Orb.
     0 | D:1      | Reached XP level 1. HP: 10/10 MP: 3/3
   137 | D:1      | Reached XP level 2. HP: 15/15 MP: 3/5
   141 | D:1      | Learned a level 2 spell: Poisonous Vapours
   772 | D:1      | Reached XP level 3. HP: 19/19 MP: 1/6
   775 | D:1      | Reached skill level 2 in Conjurations
  1360 | D:2      | Reached skill level 1 in Air Magic
  1360 | D:2      | Reached XP level 4. HP: 24/24 MP: 0/7
  1365 | D:2      | Learned a level 3 spell: Mephitic Cloud
  1725 | D:2      | Reached XP level 5. HP: 28/28 MP: 1/9
  2192 | D:2      | Reached skill level 3 in Spellcasting
  2567 | D:3      | Reached skill level 3 in Conjurations
  2567 | D:3      | Reached skill level 4 in Poison Magic
  2960 | D:3      | Reached skill level 2 in Air Magic
  2960 | D:3      | Reached XP level 6. HP: 26/32 MP: 3/10
  3445 | D:4      | Noticed a phantom
  3583 | D:4      | Found a sparkling altar of Nemelex Xobeh.
  3681 | D:4      | Learned a level 4 spell: Olgreb's Toxic Radiance
  3887 | D:4      | Reached skill level 4 in Conjurations
  3887 | D:4      | Reached XP level 7. HP: 36/36 MP: 3/12
  4006 | D:3      | Slain by an ogre

Vault maps used:
D:1:      scummos_arrival_checkerplants, serial_bayou_lagoon_a
D:2:      first_ration
D:3:      mrwooster_statue_mirror
D:4:      nemelex_altar_shiori, serial_shops, kennysheep_mini

Skill      XL: |  1  2  3  4  5  6 |
---------------+-------------------+-----
Conjurations   | 2 3 4 |  4.0
Air Magic      | 1 2 |  2.6
Spellcasting   | 3 |  3.8
Poison Magic   | 4 |  4.7
Dodging        | |  1.5
Stealth        | |  2.1

Action                   |  1- 3 |  4- 6 |  7- 9 || total
-------------------------+-------+-------+-------++-------
Melee: Unarmed           |     1 |       |       ||     1
       Dagger            |    54 |    91 |       ||   145
 Cast: Sting             |    62 |   109 |     3 ||   174
       Poisonous Vapours |     9 |    40 |     3 ||    52
  Use: Potion            |       |       |     1 ||     1
  Eat: Chunk             |     3 |    10 |     1 ||    14
Armor: Robe              |    22 |    30 |       ||    52
Dodge: Dodged            |    33 |    77 |     1 ||   111

Table legend:
 A = Non-vault XP
 B = Vault XP
 C = Vault XP percentage of total XP
 D = Non-vault monster count
 E = Vault monster count
 F = Vault count percentage of total count
                 A         B        C        D         E       F
            +---------+---------+-------+---------+---------+-------
      Total |     703 |       0 |   0.0 |      94 |       0 |   0.0
            +---------+---------+-------+---------+---------+-------
        D:1 |      44 |       0 |   0.0 |      27 |       0 |   0.0
        D:2 |     166 |       0 |   0.0 |      25 |       0 |   0.0
        D:3 |     203 |       0 |   0.0 |      27 |       0 |   0.0
        D:4 |     290 |       0 |   0.0 |      15 |       0 |   0.0
            +---------+---------+-------+---------+---------+-------

Vault maps used:
D:1:      scummos_arrival_checkerplants, serial_bayou_lagoon_a
D:2:      first_ration
D:3:      mrwooster_statue_mirror
D:4:      nemelex_altar_shiori, serial_shops, kennysheep_mini

Table legend:
 A = Turns spent in this place as a percentage of turns spent in the entire game.
 B = Non-inter-level travel turns spent in this place as a percentage of non-inter-level travel turns spent in the entire game.
 C = Inter-level travel turns spent in this place as a percentage of turns spent in this place.
 D = Turns resting spent in this place as a percentage of non-inter-level travel turns spent in this place.
 E = Turns spent auto-exploring this place as a percentage of non-inter-level travel turns spent in this place.
 F = Non-inter-level travel turns spent in this place divided by the number of levels of this place that you've seen.
                   A       B       C       D       E      F
               +-------+-------+-------+-------+-------+----------------------
         Total | 100.0 | 100.0 |   1.7 |   2.3 |  78.4 | 984.0
       Dungeon | 100.0 | 100.0 |   1.7 |   2.3 |  78.4 | 984.0
               +-------+-------+-------+-------+-------+----------------------

Table legend:
 A = Kills in this place as a percentage of kills in entire the game.
 B = Kills by you in this place as a percentage of kills by you in the entire game.
 C = Kills by friends in this place as a percentage of kills by friends in the entire game.
 D = Other kills in this place as a percentage of other kills in the entire game.
 E = Experience gained in this place as a percentage of experience gained in the entire game.
 F = Experience gained in this place divided by the number of levels of this place that you have seen.
                   A       B       C       D       E      F
               +-------+-------+-------+-------+-------+----------------------
         Total | 100.0 | 100.0 |   N/A |   N/A | 100.0 | 175.8
       Dungeon | 100.0 | 100.0 |   N/A |   N/A | 100.0 | 175.8
               +-------+-------+-------+-------+-------+----------------------
